SA
DELAWARE 1787 BC @ GRIM REAPERS
06/30/2032
 
TOP OF THE 1ST
Delaware 1787 BC batting - Pitching for Grim Reapers : RHP Kabeya Kasongo
Pitching: RHP Kabeya Kasongo
Batting: LHB Xuan-ling Liao 0-0: Called Strike
0-1: SINGLE (Groundball, 34D)
Batting: RHB Dam Son 0-0: Ball
Wild Pitch!
Xuan-ling Liao to second
1-0: Ball
2-0: Called Strike
2-1: Foul Ball, location: 2F
2-2: Foul Ball, location: 2F
2-2: Ball
3-2: Foul Ball, location: 2F
3-2: SINGLE (Line Drive, 78S)
Xuan-ling Liao to third
Runner from 3rd tries for Home, throw and OUT!
Batting: RHB Jeff Quesenberry 0-0: Ball
1-0: Foul Ball, location: 2F
1-1: Foul Ball, location: 2F
1-2: Strikes out swinging
Batting: LHB Bryce Abood 0-0: Foul Ball, location: 2F
0-1: SINGLE (Flyball, 7S)
Dam Son to second
Batting: RHB Elwiin Hund 0-0: Called Strike
0-1: Foul Ball, location: 2F
0-2: Ball
1-2: SINGLE (Flyball, 8LS)
Dam Son to third
Bryce Abood to second
Runner from 3rd tries for Home, throw and OUT!
Top of the 1st over - 0 runs, 4 hits, 0 errors, 2 left on base; Delaware 0 - Grim 0
BOTTOM OF THE 1ST
Grim Reapers batting - Pitching for Delaware 1787 BC : RHP Félix Aluonado
Pitching: RHP Félix Aluonado
Batting: RHB Tso-i Wang 0-0: Ball
1-0: Ground out U3 (Groundball, 3L)
Batting: RHB Brandon Palmer 0-0: Ball
1-0: Ground out 5-3 (Groundball, 56)
Batting: RHB Huai-yi Yang 0-0: Called Strike
0-1: Swinging Strike
0-2: SINGLE (Flyball, 9S)
Batting: RHB Milos Jaksch 0-0: Called Strike
0-1: Called Strike
Huai-yi Yang is caught stealing 2nd base
Bottom of the 1st over - 0 runs, 1 hit, 0 errors, 0 left on base; Delaware 0 - Grim 0
TOP OF THE 2ND
Delaware 1787 BC batting - Pitching for Grim Reapers : RHP Kabeya Kasongo
Batting: RHB Carlos Mendoza 0-0: Ball
1-0: Ball
2-0: Ball
3-0: Base on Balls
Batting: RHB Gary Jenkins 0-0: Called Strike
0-1: Ball
1-1: Ball
2-1: Ball
3-1: Foul Ball, location: 2F
3-2: Strikes out swinging
Batting: LHB António Casas 0-0: Foul Ball, location: 2F
0-1: Ball
1-1: Ball
2-1: Ground out 4-3 (Groundball, 4S)
Carlos Mendoza to second
Batting: RHB Kendrick Drumgoole 0-0: Ball
1-0: Ground out 5-3 (Groundball, 56)
Top of the 2nd over - 0 runs, 0 hits, 0 errors, 1 left on base; Delaware 0 - Grim 0
BOTTOM OF THE 2ND
Grim Reapers batting - Pitching for Delaware 1787 BC : RHP Félix Aluonado
Batting: RHB Milos Jaksch 0-0: Ball
1-0: Ball
2-0: Ground out U3 (Groundball, 34S)
Batting: RHB Bearooz Yacoobi 0-0: Ball
1-0: Ground out 5-3 (Groundball, 56)
Batting: RHB Keohi Iese 0-0: Called Strike
0-1: Fly out, F9 (Flyball, 9LMF)
Bottom of the 2nd over - 0 runs, 0 hits, 0 errors, 0 left on base; Delaware 0 - Grim 0
TOP OF THE 3RD
Delaware 1787 BC batting - Pitching for Grim Reapers : RHP Kabeya Kasongo
Batting: LHB Xuan-ling Liao 0-0: Foul Ball, location: 2F
0-1: Foul Ball, location: 2F
0-2: Ground out 4-3 (Groundball, 4M)
Batting: RHB Dam Son 0-0: Swinging Strike
0-1: Foul Ball, location: 2F
0-2: Strikes out swinging
Batting: RHB Jeff Quesenberry 0-0: Foul Ball, location: 2F
0-1: SINGLE (Line Drive, 9LS)
Batting: LHB Bryce Abood 0-0: Ball
1-0: SINGLE (Line Drive, 5D)
Jeff Quesenberry to second
Batting: RHB Elwiin Hund 0-0: Called Strike
0-1: Ground out 6-3 (Groundball, 6S)
Top of the 3rd over - 0 runs, 2 hits, 0 errors, 2 left on base; Delaware 0 - Grim 0
BOTTOM OF THE 3RD
Grim Reapers batting - Pitching for Delaware 1787 BC : RHP Félix Aluonado
Batting: RHB Harlan Thompson 0-0: Called Strike
0-1: Ball
1-1: Called Strike
1-2: Ball
2-2: Foul Ball, location: 2F
2-2: Strikes out swinging
Batting: RHB Fraser Albrecht 0-0: Ball
1-0: Foul Ball, location: 2F
1-1: Called Strike
1-2: Ball
2-2: Ball
3-2: Foul Ball, location: 2F
3-2: Foul Ball, location: 2F
3-2: Strikes out swinging
Batting: RHB Manuel Estrada 0-0: Fly out, F8 (Flyball, 8LD)
Bottom of the 3rd over - 0 runs, 0 hits, 0 errors, 0 left on base; Delaware 0 - Grim 0
TOP OF THE 4TH
Delaware 1787 BC batting - Pitching for Grim Reapers : RHP Kabeya Kasongo
Batting: RHB Carlos Mendoza 0-0: Called Strike
0-1: Ball
1-1: Foul Ball, location: 2F
1-2: Foul Ball, location: 2F
1-2: Foul Ball, location: 2F
1-2: Strikes out swinging
Batting: RHB Gary Jenkins 0-0: Called Strike
0-1: Called Strike
0-2: Foul Ball, location: 2F
0-2: Strikes out swinging
Batting: LHB António Casas 0-0: Called Strike
0-1: SINGLE (Groundball, 56) (infield hit)
Batting: RHB Kendrick Drumgoole 0-0: Called Strike
0-1: Ball
1-1: Ball
2-1: SINGLE (Groundball, 5D)
António Casas to second
Batting: LHB Xuan-ling Liao 0-0: Ball
1-0: Ball
2-0: Ball
Wild Pitch!
António Casas to third
Kendrick Drumgoole to second
3-0: Base on Balls
Batting: RHB Dam Son 0-0: Called Strike
0-1: Ball
1-1: Fly out, F7 (Flyball, 7)
Top of the 4th over - 0 runs, 2 hits, 0 errors, 3 left on base; Delaware 0 - Grim 0
BOTTOM OF THE 4TH
Grim Reapers batting - Pitching for Delaware 1787 BC : RHP Félix Aluonado
Batting: RHB Tso-i Wang 0-0: Swinging Strike
0-1: Called Strike
0-2: Foul Ball, location: 2F
0-2: Fly out, F8 (Flyball, 8LD)
Batting: RHB Brandon Palmer 0-0: Ball
1-0: Ground out 6-3 (Groundball, 6)
Batting: RHB Huai-yi Yang 0-0: Foul Ball, location: 2F
0-1: Ball
1-1: Called Strike
1-2: Ground out 1-3 (Groundball, 13)
Bottom of the 4th over - 0 runs, 0 hits, 0 errors, 0 left on base; Delaware 0 - Grim 0
TOP OF THE 5TH
Delaware 1787 BC batting - Pitching for Grim Reapers : RHP Kabeya Kasongo
Batting: RHB Jeff Quesenberry 0-0: SINGLE (Line Drive, 6MD)
Batting: LHB Bryce Abood 0-0: SINGLE (Groundball, 4D)
Jeff Quesenberry to second
Runner from 2nd tries for 3rd, SAFE, throw made to third
Batting: RHB Elwiin Hund 0-0: Called Strike
0-1: Ball
1-1: Ground out 4-3 (Groundball, 34)
Bryce Abood to second
Batting: RHB Carlos Mendoza 0-0: Foul Ball, location: 2F
0-1: Ball
1-1: SINGLE (Groundball, 34)
Jeff Quesenberry scores
Bryce Abood to third
Runner from 3rd tries for Home, SAFE, no throw
Batting: RHB Gary Jenkins 0-0: Ball
1-0: Ground out 3-1 (Groundball, 34)
Carlos Mendoza to second
Batting: LHB António Casas 0-0: Ball
1-0: Ball
2-0: Foul Ball, location: 2F
2-1: Ball
3-1: Ground out 4-3 (Groundball, 4)
Top of the 5th over - 2 runs, 3 hits, 0 errors, 1 left on base; Delaware 2 - Grim 0
BOTTOM OF THE 5TH
Grim Reapers batting - Pitching for Delaware 1787 BC : RHP Félix Aluonado
Batting: RHB Milos Jaksch 0-0: Called Strike
0-1: Called Strike
0-2: Ball
1-2: Strikes out swinging
Batting: RHB Bearooz Yacoobi 0-0: Ball
1-0: Ball
2-0: Foul Ball, location: 2F
2-1: Ball
3-1: Foul Ball, location: 2F
3-2: Foul Ball, location: 2F
3-2: Ground out 4-3 (Groundball, 4)
Batting: RHB Keohi Iese 0-0: Ball
1-0: Ball
2-0: Foul Ball, location: 2F
2-1: Ground out 1-3 (Groundball, 13)
Bottom of the 5th over - 0 runs, 0 hits, 0 errors, 0 left on base; Delaware 2 - Grim 0
TOP OF THE 6TH
Delaware 1787 BC batting - Pitching for Grim Reapers : RHP Kabeya Kasongo
Batting: RHB Kendrick Drumgoole 0-0: Called Strike
0-1: Foul Ball, location: 2F
0-2: Ball
1-2: Fly out, F7 (Flyball, 78D)
Batting: LHB Xuan-ling Liao 0-0: Called Strike
0-1: Swinging Strike
0-2: Fly out, F7 (Flyball, 78S)
Batting: RHB Dam Son 0-0: Ball
1-0: Called Strike
1-1: Ball
2-1: Foul Ball, location: 2F
2-2: Ball
3-2: Strikes out looking
Top of the 6th over - 0 runs, 0 hits, 0 errors, 0 left on base; Delaware 2 - Grim 0
BOTTOM OF THE 6TH
Grim Reapers batting - Pitching for Delaware 1787 BC : RHP Félix Aluonado
Batting: RHB Harlan Thompson 0-0: Ground out 5-3 (Groundball, 56)
Batting: RHB Fraser Albrecht 0-0: Ball
1-0: Ball
2-0: Ground out 6-3 (Groundball, 6)
Batting: RHB Manuel Estrada 0-0: Fly out, F8 (Flyball, 8RS)
Bottom of the 6th over - 0 runs, 0 hits, 0 errors, 0 left on base; Delaware 2 - Grim 0
TOP OF THE 7TH
Delaware 1787 BC batting - Pitching for Grim Reapers : RHP Kabeya Kasongo
Batting: RHB Jeff Quesenberry 0-0: Ball
1-0: Fly out, F9 (Flyball, 89D)
Pitching: RHP Emílio Rodríguez
Batting: LHB Bryce Abood 0-0: Called Strike
0-1: SINGLE (Flyball, 9S)
Batting: RHB Elwiin Hund 0-0: Ball
1-0: Ball
2-0: Grounds into double play, 5-4-3 (Groundball, 56)
Top of the 7th over - 0 runs, 1 hit, 0 errors, 0 left on base; Delaware 2 - Grim 0
BOTTOM OF THE 7TH
Grim Reapers batting - Pitching for Delaware 1787 BC : RHP Félix Aluonado
Batting: RHB Tso-i Wang 0-0: Ball
1-0: Ball
2-0: Called Strike
2-1: Foul Ball, location: 2F
2-2: Fly out, F9 (Line Drive, 89M)
Batting: RHB Brandon Palmer 0-0: Ball
1-0: Called Strike
1-1: Ball
2-1: Ground out 5-3 (Groundball, 5D)
Batting: RHB Huai-yi Yang 0-0: Called Strike
0-1: Called Strike
0-2: Ground out 4-3 (Groundball, 4)
Bottom of the 7th over - 0 runs, 0 hits, 0 errors, 0 left on base; Delaware 2 - Grim 0
TOP OF THE 8TH
Delaware 1787 BC batting - Pitching for Grim Reapers : RHP Emílio Rodríguez
Batting: RHB Carlos Mendoza 0-0: Ball
1-0: Foul Ball, location: 2F
1-1: DOUBLE (Flyball, 78XD)
Batting: RHB Gary Jenkins 0-0: Reached on error, E1 (Groundball, 15S)
Carlos Mendoza scores
Batting: LHB António Casas 0-0: Ball
1-0: Ball
2-0: Foul Ball, location: 2F
2-1: SINGLE (Groundball, 56D)
Gary Jenkins to third
Runner from 3rd tries for Home, SAFE, no throw
Batting: RHB Kendrick Drumgoole 0-0: TRIPLE (Flyball, 9D)
António Casas scores
Batting: LHB Xuan-ling Liao 0-0: Ball
1-0: Foul Ball, location: 2F
1-1: Called Strike
1-2: Strikes out swinging
Batting: RHB Dam Son 0-0: Ball
1-0: Swinging Strike
1-1: Foul Ball, location: 2F
1-2: Strikes out swinging
Batting: RHB Jeff Quesenberry 0-0: Fly out, F6 (Line Drive, 6)
Top of the 8th over - 3 runs, 3 hits, 1 error, 1 left on base; Delaware 5 - Grim 0
BOTTOM OF THE 8TH
Grim Reapers batting - Pitching for Delaware 1787 BC : RHP Félix Aluonado
Batting: RHB Milos Jaksch 0-0: Ball
1-0: Foul Ball, location: 2F
1-1: Fly out, F9 (Flyball, 9LM)
Batting: RHB Bearooz Yacoobi 0-0: Ball
1-0: SINGLE (Line Drive, 4D)
Batting: RHB Keohi Iese 0-0: Called Strike
0-1: Called Strike
0-2: Ball
1-2: Strikes out swinging
Batting: RHB Harlan Thompson 0-0: Foul Ball, location: 2F
0-1: Ball
Wild Pitch!
Bearooz Yacoobi to second
1-1: Fly out, F5 (Line Drive, 5)
Bottom of the 8th over - 0 runs, 1 hit, 0 errors, 1 left on base; Delaware 5 - Grim 0
TOP OF THE 9TH
Delaware 1787 BC batting - Pitching for Grim Reapers : RHP Emílio Rodríguez
Pitching: RHP Chet Gustafson
Batting: LHB Bryce Abood 0-0: Ball
1-0: Foul Ball, location: 2F
1-1: Ball
2-1: Foul Ball, location: 2F
2-2: Ball
3-2: SINGLE (Line Drive, 9S)
Batting: RHB Elwiin Hund 0-0: Ball
1-0: Ball
2-0: Ball
3-0: Called Strike
3-1: Called Strike
3-2: Base on Balls
Bryce Abood to second
Batting: RHB Carlos Mendoza 0-0: Sac Bunt - play at first, batter OUT! 1-3
Bryce Abood to third
Elwiin Hund to second
Batting: RHB Gary Jenkins 0-0: Ball
1-0: Swinging Strike
1-1: Foul Ball, location: 2F
1-2: Fly out, F3 (Popup, 3F)
Batting: LHB António Casas 0-0: Called Strike
0-1: Foul Ball, location: 2F
0-2: Strikes out looking
Top of the 9th over - 0 runs, 1 hit, 0 errors, 2 left on base; Delaware 5 - Grim 0
BOTTOM OF THE 9TH
Grim Reapers batting - Pitching for Delaware 1787 BC : RHP Félix Aluonado
Now at C: Andrew Irwin
Now in RF: Tobias Jimenez
Batting: RHB Fraser Albrecht 0-0: Ball
1-0: Ball
2-0: Foul Ball, location: 2F
2-1: Called Strike
2-2: Foul Ball, location: 2F
2-2: Hit by Pitch
Batting: RHB Manuel Estrada 0-0: Ball
1-0: Called Strike
1-1: Called Strike
1-2: Grounds into double play, 6-4-3 (Groundball, 6)
Batting: RHB Tso-i Wang 0-0: SINGLE (Line Drive, 89M)
Batting: RHB Brandon Palmer 0-0: Ball
1-0: Ball
2-0: Ground out 5-3 (Groundball, 25)
Bottom of the 9th over - 0 runs, 1 hit, 0 errors, 1 left on base; Delaware 5 - Grim 0
Wednesday, September 19th, 2018 - OOTP Baseball 18.8 Build 76